 Dungeon Crawl Stone Soup version 0.31.0-32-g396128a36d (webtiles) character file.

Game seed: 14505355980383255183

96 spaghetti the Ruffian (level 4, -1/44 HPs)
             Began as a Naga Berserker on Mar 15, 2024.
             Was a Believer of Trog.
             Slain by a ribbon worm (3 damage)
             ... on level 3 of the Dungeon.
             The game lasted 00:02:15 (1884 turns).

spaghetti the Ruffian (Naga Berserker)              Turns: 1884, Time: 00:02:16

Health: -1/44      AC:  4    Str: 21    XL:     4   Next: 67%
Magic:  4/4        EV:  9    Int:  7    God:    Trog [**....]
Gold:   93         SH:  0    Dex: 11    Spells: 3/3 levels left

rFire   . .          .
                       - Unarmed
rCold   . . .        (no shield)
rNeg    . . .        g - +0 ring mail
rPois   +            (no helmet)
rElec   .            (no cloak)
rCorr   .            (no gloves)
SInv    +            (no barding)
Will    .....        (no amulet)
Stlth   +            (no ring)
HPRegen 0.27/turn    (no ring)
MPRegen 0.09/turn

%: no passive effects
@: short of breath, very slow
A: AC +1, large, see invisible, deformed body, poison resistance, slowness 2,
spit poison 1, naga tail 1
a: Spit Poison, Renounce Religion, Berserk, Trog's Hand


You were on level 3 of the Dungeon.
You worshipped Trog.
Trog was pleased with you.
You visited 1 branch of the dungeon, and saw 3 of its levels.

You collected 93 gold pieces.

Inventory:

Armour
 a - a +0 animal skin
 g - a +0 ring mail (worn)
Jewellery
 e - a ring of ice
Wands
 l - a wand of iceblast (12)
Scrolls
 d - a scroll of identify
 i - a scroll of noise
 j - a scroll of silence
 k - a scroll of poison
Potions
 b - 2 potions of curing {unknown}
 c - a potion of magic {unknown}
 f - a potion of attraction {unknown}
 h - a potion of lignification {unknown}


   Skills:
 + Level 3.7 Fighting
 - Level 2.1 Armour
 - Level 1.5 Dodging
 + Level 4.4 Unarmed Combat


You had 3 spell levels left.
You didn't know any spells.
Your spell library was empty.

Dungeon Overview and Level Annotations

Branches:
Dungeon (3/15)

Altars:
Ashenzari


Innate Abilities, Weirdness & Mutations

Your serpentine skin is tough. (AC +1)
You have supernaturally acute eyesight. (SInv)
Armour fits poorly on your strangely shaped body.
Your system is resistant to poisons. (rPois)
You cover ground very slowly.
You can spit poison.
You have a snake-like lower body.


Message History

You hit the ribbon worm.
The ribbon worm is moderately wounded.
The ribbon worm barely misses you.
You hit the ribbon worm but do no damage.
The ribbon worm is moderately wounded.
The ball python bites you.
The ribbon worm expels a string of sticky webbing.
The stream of webbing hits you but does no damage.
You are caught in a web!
The web tears apart.
The ball python bites you but does no damage.
The ball python barely misses you. The ribbon worm bites you.
* * * LOW HITPOINT WARNING * * *
Things that are here:
a +0 dagger; a goblin corpse You barely miss the ribbon worm.
Your punch misses the ribbon worm.
The ribbon worm is lightly wounded.
You barely miss the ribbon worm.
The ribbon worm is lightly wounded.
The ribbon worm bites you but does no damage.
You hit the ribbon worm but do no damage.
The ribbon worm is lightly wounded.
The ribbon worm misses you.
You hit the ribbon worm but do no damage.
The ribbon worm bites you.
* * * LOW HITPOINT WARNING * * *
You hit the ribbon worm.
The ribbon worm is lightly wounded.
You hit the ribbon worm.
The ribbon worm is moderately wounded.
The ribbon worm bites you.
* * * LOW HITPOINT WARNING * * *
Aiming: Spit Poison (1% risk of failure)
Press: ? - help, Shift-Dir - straight line, f/p - ribbon worm
Aim: a ribbon worm (moderately wounded, 86% to hit)
The splash of poison hits the ribbon worm!
The ribbon worm is severely wounded.
The ribbon worm bites you.
You die...

.# .# .# ### ##.# ...
#############..###.#
#.......<.....?....##..
(...########.!..##.......
. ...........@wS(..#
#######.#####..### #.#
.## #g# .# ..# ## ...
.#.. ...


You could see a ribbon worm and a ball python.

Vanquished Creatures
  3 adders
  A ribbon worm (D:2)
  3 dart slugs
  6 ball pythons
  6 bats
  10 endoplasms
  3 giant cockroaches
  5 goblins
  5 hobgoblins
  5 kobolds
  4 quokkas
  A frilled lizard (D:1)
  4 rats
56 creatures vanquished.

Notes
Turn   | Place    | Note
-------+----------+-------------------------------------------
     0 | D:1      | spaghetti the Naga Berserker began the quest for the Orb.
     0 | D:1      | Reached XP level 1. HP: 21/21 MP: 1/1
   188 | D:1      | Reached XP level 2. HP: 22/28 MP: 2/2
   705 | D:1      | Reached ** piety under Trog
   706 | D:1      | Reached XP level 3. HP: 30/34 MP: 3/3
   967 | D:2      | Reached skill level 4 in Unarmed Combat
  1174 | D:2      | Reached XP level 4. HP: 28/42 MP: 4/4
  1303 | D:2      | Found a broken altar of Ashenzari.
  1883 | D:3      | HP: 1/44 [ribbon worm (4)]
  1884 | D:3      | Slain by a ribbon worm

Illustrated notes

Levels and vault maps discovered:
D:1:      orjb1_lava_funnel, layout_rooms, corner_web_ring
D:2:      layout_loops_ring, basic_altar, serial_bayou_lagoon_a
D:3:      layout_rooms, mainiacjoe_overflow_alcove_4, nzn_wu_jian_contemplation

Skill      XL: |  1  2  3 |
---------------+----------+-----
Unarmed Combat | 4 |  4.4
Armour         | 2 |  2.1
Fighting       | |  3.7
Dodging        | |  1.5

Action                     |  1- 3 |  4- 6 || total
---------------------------+-------+-------++-------
  Melee: Unarmed           |   110 |    63 ||   173
         Punch             |     4 |     2 ||     6
 Invoke: Berserk           |     1 |       ||     1
Ability: Spit Poison       |     2 |     1 ||     3
    Use: Scroll            |     3 |     3 ||     6
 Armour: Animal skin       |    28 |       ||    28
         Ring mail         |    49 |    48 ||    97
  Dodge: Dodged            |    51 |    26 ||    77
